 Dungeon Crawl Stone Soup version 0.25-a0-665-ga69d64035b (webtiles) character file.

Game seed: 8260335768030102803, levelgen mode: deterministic

109 kae the Firebug (level 4, -6/24 HPs)
             Began as a Deep Elf Fire Elementalist on Mar 26, 2020.
             Mangled by a gnoll
             ... wielding a +1 flail of holy wrath
              (15 damage)
             ... on level 3 of the Dungeon.
             The game lasted 00:02:47 (2597 turns).

kae the Firebug (Deep Elf Fire Elementalist)        Turns: 2597, Time: 00:02:48

Health: -6/24      AC:  3    Str:  4 (5)  XL:     4   Next: 60%
Magic:  9/12       EV: 13    Int: 21      God:
Gold:   123        SH:  0    Dex: 13 (15) Spells: 10/11 levels left

rFire    + . .     SeeInvis .   (no weapon)
rCold    . . .     Gourm    .   (no shield)
rNeg     + . .     Faith    .   a - +0 robe
rPois    .         Spirit   .   (no helmet)
rElec    .         Reflect  .   o - +0 cloak
rCorr    .         Harm     .   (no gloves)
MR       .....                  (no boots)
Stlth    ++........             (no amulet)
HPRegen  0.08/turn              f - ring of positive energy
MPRegen  0.13/turn              m - ring of protection from fire

@: no status effects
A: hooves 1, deterioration 1
a: no special abilities


You were on level 3 of the Dungeon.
You were not hungry.

You visited 1 branch of the dungeon, and saw 3 of its levels.

You collected 123 gold pieces.

Inventory:

Armour
 a - a +0 robe (worn)
 o - a +0 cloak (worn)
Jewellery
 f - a ring of positive energy (left hand)
 m - a ring of protection from fire (right hand)
Scrolls
 j - a scroll of enchant weapon
Potions
 b - a potion of might
 i - a potion of lignification
 k - a potion of magic
 n - a potion of invisibility
Comestibles
 c - 3 rations


   Skills:
 - Level 2.4 Dodging
 - Level 2.4 Stealth
 + Level 4.1 Spellcasting
 + Level 2.5 Conjurations
 * Level 4.8 Fire Magic


You had 10 spell levels left.
You knew the following spells:

 Your Spells              Type           Power        Failure   Level  Hunger
a - Foxfire               Conj/Fire      ###.         2%          1    None

Your spell library contained the following spells:

 Spells                   Type           Power        Failure   Level  Hunger
 Conjure Flame            Conj/Fire      ###.....     8%          3    ###....
 Inner Flame              Hex/Fire       ##......     13%         3    ###....
 Sticky Flame             Conj/Fire      ###.....     26%         4    ####...
 Confusing Touch          Hex            #.......     34%         3    ###....
 Gell's Gravitas          Tloc           #.........   34%         3    ###....
 Fireball                 Conj/Fire      ###.......   58%         5    ######.
 Petrify                  Tmut/Erth      #.......     75%         4    ####...
 Metabolic Englaciation   Hex/Ice        #.........   97%         5    ######.
 Yara's Violent Unravell  Hex/Tmut       #.........   97%         5    ######.


Dungeon Overview and Level Annotations

Branches:
Dungeon (3/15)

Altars:
Yredelemnul
The Shining One


Innate Abilities, Weirdness & Mutations

You have large cloven feet.
Your body sometimes deteriorates upon taking damage.


Message History

Your foxfire dissipates!
Casting: Foxfire (safe; 2% risk of failure)
Confirm with . or Enter, or press ? or * to list all spells.
You conjure some foxfire!
The gnoll closely misses you.
The foxfire hits the gnoll.
The gnoll is moderately wounded.
Casting: Foxfire (safe; 2% risk of failure)
Confirm with . or Enter, or press ? or * to list all spells.
You conjure some foxfire!
The gnoll hits you with a +1 flail of holy wrath!
The foxfire hits the gnoll.
The gnoll is severely wounded.
The gnoll hits you with a +1 flail of holy wrath.
Your body deteriorates!
You feel weakened.
Casting: Foxfire (safe; 2% risk of failure)
Confirm with . or Enter, or press ? or * to list all spells.
You conjure some foxfire!
The gnoll hits you with a +1 flail of holy wrath!
Ouch! That really hurt!
You die...

ยงยงยง.#.....#.####.################
####.######.# #.# # #.# #.# #.#
####.######.# #.# ...>.....##.# #.#
####.###.##.## #.# #.# #.#.#.###.#
#.# #..###.##v# #.# #.## ##.g@#
#.####.###.#### #.......#.##
########.## ###


You could see a gnoll.

Vanquished Creatures
  An adder (D:2)
  2 gnolls (D:3)
  An ooze (D:2)
  2 dart slugs (D:3)
  2 leopard geckos
  3 orcs (D:3)
  A giant cockroach (D:3)
  2 gnoll zombies (D:2)
  11 goblins
  8 hobgoblins
  5 jackals
  8 kobolds
  3 ball pythons
  4 bats (D:1)
  2 frilled lizards (D:2)
  6 rats
61 creatures vanquished.

Vanquished Creatures (others)
  136 foxfires
  5 toadstools (D:1)
141 creatures vanquished.

Grand Total: 202 creatures vanquished

Notes
Turn   | Place    | Note
-------+----------+-------------------------------------------
     0 | D:1      | kae the Deep Elf Fire Elementalist began the quest for the
                  | Orb.
     0 | D:1      | Reached XP level 1. HP: 10/10 MP: 6/6
    90 | D:1      | Gained mutation: Your body sometimes deteriorates upon
                  | taking damage. [potion of mutation]
    90 | D:1      | Gained mutation: You have large cloven feet. [potion of
                  | mutation]
   115 | D:1      | Reached XP level 2. HP: 5/15 MP: 8/8
   883 | D:2      | Reached XP level 3. HP: 14/19 MP: 7/10
  1359 | D:2      | Found a glowing golden altar of the Shining One.
  1546 | D:2      | Found a basalt altar of Yredelemnul.
  1598 | D:3      | Reached XP level 4. HP: 24/24 MP: 9/11
  2597 | D:3      | Mangled by a gnoll

Levels and vault maps discovered:
D:1:      ldierk_walled_garden, layout_basic
D:2:      layout_rooms, old_standard_altar, lemuel_zombie_altar_yredelemnul,
          first_ration
D:3:      layout_loops_ring

Skill      XL: |  1  2  3  4 |
---------------+-------------+-----
Fire Magic     | 4 |  4.8
Conjurations   | 2 |  2.5
Spellcasting   | 4 |  4.1
Dodging        | |  2.4
Stealth        | |  2.4

Action                   |  1- 3 |  4- 6 || total
-------------------------+-------+-------++-------
Melee: Unarmed           |    52 |    66 ||   118
       Kick              |     6 |     7 ||    13
 Cast: Foxfire           |    67 |    37 ||   104
  Use: Potion            |     1 |     4 ||     5
       Scroll            |       |     6 ||     6
 Stab: Sleeping          |       |     1 ||     1
  Eat: Chunk             |     1 |     4 ||     5
Armor: Robe              |    20 |    14 ||    34
       Skin              |       |    12 ||    12
Dodge: Dodged            |    76 |    50 ||   126

Table legend:
 A = Non-vault XP
 B = Vault XP
 C = Vault XP percentage of total XP
 D = Non-vault monster count
 E = Vault monster count
 F = Vault count percentage of total count
                 A         B        C        D         E       F
            +---------+---------+-------+---------+---------+-------
      Total |     153 |       4 |   2.5 |      59 |       2 |   3.3
            +---------+---------+-------+---------+---------+-------
        D:1 |      40 |       0 |   0.0 |      25 |       0 |   0.0
        D:2 |      51 |       4 |   7.3 |      19 |       2 |   9.5
        D:3 |      62 |       0 |   0.0 |      15 |       0 |   0.0
            +---------+---------+-------+---------+---------+-------
